 Dungeon Crawl Stone Soup version 0.22-a0-558-gc224181 (webtiles) character file.

26130 iamserjio the Cleaver (level 13, -12/87 HPs)
             Began as a Gargoyle Fighter on June 27, 2018.
             Was a High Priest of Okawaru.
             Blown up by an orb spider (46 damage)
             ... with an orb of destruction
             ... on level 1 of the Spider Nest.
             The game lasted 00:53:20 (7718 turns).

iamserjio the Cleaver (Gargoyle Fighter)            Turns: 7718, Time: 00:53:21

Health: -12/87     AC: 33    Str: 29    XL:     13   Next: 24%
Magic:  16/16      EV:  9    Int: 10    God:    Okawaru [*****.]
Gold:   456        SH: 12    Dex: 10    Spells: 12/12 levels left

rFire    + + +     SeeInvis .   T - +7 broad axe of Hatred {venom, *Noise rC+ rN+ Str+3}
rCold    + + .     Gourm    .   V - +0 shield {rF+}
rNeg     + + .     Faith    .   p - +0 plate armour {rF+}
rPois    ∞         Spirit   .   o - +0 helmet
rElec    +         Reflect  .   h - scarf {rC+ rF+}
rCorr    .         Harm     .   l - +2 pair of gloves {Str+3}
MR       .....                  (no boots)
Stlth    ..........             (no amulet)
HPRegen  0.24/turn              B - +5 ring of protection
MPRegen  0.15/turn              t - +3 ring of evasion

@: no status effects
A: negative energy resistance 1, electricity resistance, unbreathing,
petrification resistance, rot immunity, AC +9
a: Heroism, Finesse, Renounce Religion


You were on level 1 of the Spider Nest.
You worshipped Okawaru.
Okawaru was extremely pleased with you.
You were not hungry.

You visited 4 branches of the dungeon, and saw 18 of its levels.
You also visited: Labyrinth, Ossuary and Bailey.

You collected 894 gold pieces.
You spent 438 gold pieces at shops.

Inventory:

Hand Weapons
 T - the +7 broad axe of Hatred (weapon) {venom, *Noise rC+ rN+ Str+3}
   (You bought it in a shop on level 7 of the Dungeon)

   It poisons the flesh of those it strikes.
   It affects your strength (+3).
   It protects you from cold.
   It protects you from negative energy.
   It may make noises in combat.
Missiles
 i - 5 javelins
 k - 15 poisoned javelins
 y - 6 needles of sleeping {!f}
 I - 7 tomahawks (quivered)
Armour
 d - a scarf of cloud immunity
 e - a +0 hat
 h - a scarf of resistance (worn)
 l - a +2 pair of gloves of strength (worn)
 o - a +0 helmet (worn)
 p - a +0 plate armour of fire resistance (worn)
 M - a +0 plate armour
 S - a +2 pair of gloves of archery
 V - a +0 shield of fire resistance (worn)
Jewellery
 b - an uncursed ring of poison resistance
 c - the ring "Doety" {rF+ rN+ Str-3 Dex+3}
   (You found it in a labyrinth)

   [ring of protection from fire]

   It affects your strength (-3).
   It affects your dexterity (+3).
   It protects you from fire.
   It protects you from negative energy.
 t - a +3 ring of evasion (right hand)
 B - a +5 ring of protection (left hand)
 K - an uncursed ring of see invisible
 Q - an uncursed ring of protection from cold
Wands
 a - a wand of iceblast (7)
 q - a wand of flame (59)
 G - a wand of disintegration (27)
Scrolls
 r - a scroll of blinking
 w - 3 scrolls of remove curse {@r2}
 z - a scroll of silence
 C - 2 scrolls of vulnerability
 D - 2 scrolls of teleportation
 F - 2 scrolls of enchant weapon
 L - a scroll of fog
Potions
 g - a potion of flight
 j - 6 potions of curing {@q1}
 m - a potion of cancellation
 n - 4 potions of brilliance
 s - 2 potions of berserk rage
 u - a potion of lignification
 A - 2 potions of heal wounds
 E - a potion of mutation
 N - a potion of agility {unknown}
 R - a potion of resistance
 U - a potion of experience {unknown}
Comestibles
 f - 19 rations


   Skills:
 * Level 12.6 Fighting
 * Level 13.0 Axes
 + Level 9.4 Armour
 + Level 9.5 Shields
 - Level 5.0 Invocations


You had 12 spell levels left.
You didn't know any spells.
Your spell library contained the following spells:

 Spells                   Type           Power        Failure   Level  Hunger
 Summon Ice Beast         Ice/Summ       #.......     100%        4    #####..
 Call Canine Familiar     Summ           #.......     100%        3    ####...
 Summon Butterflies       Summ           #.......     99%         1    ##.....
 Summon Hydra             Summ           #.........   100%        7    #######
 Summon Mana Viper        Hex/Summ       #.......     100%        5    ######.


Dungeon Overview and Level Annotations

Branches:
Dungeon (12/15)              Lair (3/6) D:10         Spider (1/4) Lair:3
    Orc (2/2) D:12
 Temple: D:4-7        Swamp: Lair:2-4    Shoals: Lair:2-4       Elf: Orc:2

Altars:
Cheibriados
Elyvilon
Okawaru
Ru
Xom
Yredelemnul

Shops:
D:7 (=((


Innate Abilities, Weirdness & Mutations

You are resistant to torment.
Your stone body is resilient. (AC +9)
You are immune to poison.
You resist negative energy. (rN+)
You are resistant to electric shocks. (rElec)
You can survive without breathing.
You are immune to petrification.
You are immune to rotting.


Message History

The orb spider resists with some effort.
The orb spider weaves a glowing orb of energy.
An orb of destruction comes into view.
Evoke which item? (* to show all) (? for menu, Esc to quit)
Aiming: Disintegrate
Press: ? - help, Shift-Dir - straight line, f/p - orb spider
Aim: an orb spider (lightly wounded, chance to defeat MR: 48%)
The orb spider resists with some effort.
The orb spider begins to weave its threads into a brightly glowing ball.
Evoke which item? (* to show all) (? for menu, Esc to quit)
Aiming: Disintegrate
Press: ? - help, Shift-Dir - straight line, f/p - orb spider
Aim: an orb spider (lightly wounded, fully charged, chance to defeat MR: 48%)
The orb spider resists with some effort.
The orb spider weaves a glowing orb of energy.
An orb of destruction comes into view.
The orb spider begins to weave its threads into a brightly glowing ball.
The orb of destruction hits you!
Ouch! That really hurt!
You die...

#.<..#..#.#......
#.........?......
###..............
##≈.............
#≈#†............
#≈....#.........
##≈≈≈≈#.........
#...s§§§.>...*§.
#≈#.....@.......§
#≈..............§
#≈.......$......§
#≈#..............§
#≈........#......§.
###..........§..§..
#................
#≈......#.......
##≈#≈... ....#..


You could see an orb spider.

Vanquished Creatures
  Gastronok (Orc:1)
  An orc warlord (Bailey)
  A minotaur (Lab)
  8 two-headed ogres
  An ugly thing (D:11)
  An orc sorcerer (D:12)
  A deep elf mage (D:12)
  2 gargoyles
  A centaur skeleton (D:10)
  A spiny frog (Lair:1)
  2 jumping spiders (Lair:3)
  A queen bee (D:9)
  2 trolls
  4 hippogriffs
  9 redbacks
  2 wraiths
  A wyvern (D:11)
  8 yaks
  2 humans
  4 hogs (D:9)
  3 basilisks (D:10)
  2 wargs (Orc:1)
  A floating eye (D:10)
  3 porcupines
  A water moccasin (D:7)
  10 orc warriors
  A black bear (D:9)
  2 phantoms
  6 sky beasts
  6 ogres
  3 ice beasts
  2 necrophages (D:10)
  5 wolves (Lair:3)
  7 centaurs
  4 crocodiles
  5 bullfrogs
  A wyvern zombie (D:10)
  A water moccasin zombie (D:7)
  2 scorpions
  31 killer bees
  3 wights (D:9)
  2 howler monkeys
  5 crimson imps
  2 centaur zombies
  A bullfrog zombie (D:9)
  A quasit (D:10)
  A gnoll shaman (D:4)
  5 orc priests
  5 hounds
  5 jellies
  Ijyb (D:3)
  Natasha (twice) (D:3)
  4 iguanas
  12 orc wizards
  10 worker ants
  3 hound skeletons
  3 mummies (Ossuary)
  Robin (D:2)
  7 adders
  57 gnolls
  A howler monkey skeleton (D:9)
  2 shadow imps
  2 adder zombies
  2 adder skeletons
  2 worms
  A dart slug (D:2)
  7 leopard geckos
  64 orcs
  4 giant cockroaches
  14 goblins
  9 hobgoblins
  11 jackals
  10 kobolds
  4 quokkas
  3 bats
  A frilled lizard (D:4)
  A giant cockroach zombie (D:5)
  A gnoll zombie (Ossuary)
  5 goblin zombies
  4 hobgoblin zombies (Ossuary)
  A kobold skeleton (D:3)
  4 kobold zombies (Ossuary)
  An orc zombie (Ossuary)
  A quokka skeleton (D:4)
  5 rats
  2 plants (D:10)
441 creatures vanquished.

Vanquished Creatures (others)
  A quokka (D:2)
  A fungus (D:10)
2 creatures vanquished.

Grand Total: 443 creatures vanquished

Notes
Turn   | Place    | Note
-------+----------+-------------------------------------------
     0 | D:1      | iamserjio the Gargoyle Fighter began the quest for the Orb.
     0 | D:1      | Reached XP level 1. HP: 14/14 MP: 1/1
    25 | D:1      | Reached skill level 2 in Axes
   121 | D:2      | Found a white marble altar of Elyvilon.
   159 | D:2      | Reached XP level 2. HP: 17/19 MP: 2/2
   172 | D:2      | Found an iron altar of Okawaru.
   183 | D:2      | Became a worshipper of Warmaster Okawaru
   251 | D:2      | Reached skill level 3 in Axes
   251 | D:2      | Reached XP level 3. HP: 18/23 MP: 3/3
   323 | D:2      | Reached skill level 1 in Invocations
   406 | D:2      | Noticed Robin
   419 | D:2      | Killed Robin
   471 | D:3      | Reached XP level 4. HP: 24/28 MP: 5/5
   506 | D:3      | Noticed Ijyb
   510 | D:3      | Killed Ijyb
   514 | D:3      | Noticed Natasha
   530 | D:3      | Killed Natasha
   530 | D:3      | Reached skill level 4 in Axes
   584 | D:4      | Reached XP level 5. HP: 14/32 MP: 6/6
   599 | D:4      | Reached * piety under Okawaru
   655 | D:4      | Reached XP level 6. HP: 32/37 MP: 5/8
   711 | D:4      | Noticed a phantom
   742 | D:4      | Killed a phantom
   742 | D:4      | Reached skill level 5 in Axes
   904 | D:3      | Noticed Natasha
   917 | D:3      | Killed Natasha
   958 | D:3      | Found a runed door.
   958 | D:3      | Noticed a human
   963 | D:3      | Found a basalt altar of Yredelemnul.
   993 | D:3      | Killed a human
   993 | D:3      | Reached ** piety under Okawaru
   993 | D:3      | Reached XP level 7. HP: 31/41 MP: 8/10
  1027 | D:3      | Reached skill level 6 in Axes
  1274 | D:4      | Reached skill level 7 in Axes
  1307 | D:4      | Reached XP level 8. HP: 8/46 MP: 11/11
  1341 | D:4      | Reached *** piety under Okawaru
  1359 | D:4      | Reached skill level 8 in Axes
  1600 | D:5      | Entered Level 5 of the Dungeon
  1884 | D:5      | Found a sacrificial altar of Ru.
  1939 | D:5      | Found a sand-covered staircase.
  1945 | Ossuary  | Entered an ossuary
  1945 | Ossuary  | Noticed a wraith
  1945 | Ossuary  | Noticed a wraith
  1945 | Ossuary  | Noticed a wraith
  1977 | Ossuary  | Noticed a wraith
  1996 | Ossuary  | Killed a wraith
  2363 | D:6      | Reached XP level 9. HP: 31/52 MP: 10/12
  2390 | D:6      | Reached skill level 9 in Axes
  2579 | D:7      | Reached skill level 5 in Fighting
  2621 | D:7      | Found Paron's Jewellery Boutique.
  2625 | D:7      | Found Voinucea's Weapon Emporium.
  2633 | D:7      | Bought an uncursed ring of see invisible for 195 gold pieces
  2698 | D:7      | Found Figuf's Weapon Shop.
  2864 | D:7      | Found Xiockiuph's Antique Weapon Shoppe.
  2898 | D:7      | Reached **** piety under Okawaru
  3156 | D:9      | Noticed a two-headed ogre
  3176 | D:9      | Killed a two-headed ogre
  3176 | D:9      | Reached skill level 5 in Armour
  3176 | D:9      | Reached skill level 5 in Shields
  3256 | D:9      | Noticed a queen bee
  3297 | D:9      | Killed a queen bee
  3297 | D:9      | Reached XP level 10. HP: 30/63 MP: 10/13
  3330 | D:9      | Reached skill level 10 in Axes
  3419 | D:9      | Reached ***** piety under Okawaru
  3482 | D:8      | Noticed a two-headed ogre
  3501 | D:8      | Killed a two-headed ogre
  3694 | D:9      | Found a snail-covered altar of Cheibriados.
  3740 | D:9      | Reached XP level 11. HP: 67/71 MP: 14/14
  3820 | D:10     | Entered Level 10 of the Dungeon
  3869 | D:11     | Received a gift from Okawaru
  3869 | D:11     | Reached skill level 11 in Axes
  3938 | D:11     | Noticed a cyan ugly thing
  3949 | D:11     | Killed a cyan ugly thing
  4072 | D:11     | Noticed a two-headed ogre
  4097 | D:11     | Killed a two-headed ogre
  4213 | D:11     | Noticed a two-headed ogre
  4228 | D:11     | Killed a two-headed ogre
  4228 | D:11     | Reached skill level 10 in Fighting
  4229 | D:11     | Found a flagged portal.
  4238 | Bailey   | Entered a bailey
  4243 | Bailey   | Noticed an orc warlord
  4320 | Bailey   | Found a runed gate.
  4320 | Bailey   | Found a runed gate.
  4352 | Bailey   | Found a runed gate.
  4444 | Bailey   | Killed an orc warlord
  4444 | Bailey   | Received a gift from Okawaru
  4466 | Bailey   | Identified a scroll of acquirement
  4651 | D:12     | Noticed a deep elf mage
  4671 | D:12     | Killed a deep elf mage
  4719 | D:12     | Noticed a two-headed ogre
  4728 | D:12     | Killed a two-headed ogre
  4728 | D:12     | Reached XP level 12. HP: 54/79 MP: 12/15
  4899 | D:12     | Found a staircase to the Orcish Mines.
  4908 | Orc:1    | Entered Level 1 of the Orcish Mines
  4926 | Orc:1    | Noticed a stone giant
  4935 | Orc:1    | Noticed Gastronok
  4960 | D:12     | Reached skill level 5 in Invocations
  5089 | Orc:1    | Noticed a two-headed ogre
  5111 | Orc:1    | Killed a two-headed ogre
  5111 | Orc:1    | Reached skill level 12 in Axes
  5121 | Orc:1    | Killed Gastronok
  5260 | Orc:2    | Entered Level 2 of the Orcish Mines
  5260 | Orc:2    | Noticed an orc warlord
  5326 | Orc:2    | HP: 1/80 [orc priest/divine providence[an orc knight] (17)]
  5489 | D:7      | Bought a crude broad axe for 243 gold pieces
  5489 | D:7      | Identified the +7 broad axe of Hatred {venom, *Noise rC+ rN+ Str+3} (You bought it in a shop on level 7 of the Dungeon)
  5646 | D:10     | Noticed a two-headed ogre
  5655 | D:10     | Killed a two-headed ogre
  5671 | D:10     | Noticed a two-headed ogre
  5681 | D:10     | Killed a two-headed ogre
  5681 | D:10     | Received a gift from Okawaru
  5739 | D:10     | Found a staircase to the Lair.
  5786 | D:10     | Found a shimmering altar of Xom.
  5793 | Lair:1   | Entered Level 1 of the Lair of Beasts
  5954 | Lair:1   | Found a labyrinth entrance.
  5965 | Lab      | Entered a labyrinth
  7430 | Lab      | Noticed a minotaur
  7443 | Lab      | Killed a minotaur
  7443 | Lab      | Reached XP level 13. HP: 60/87 MP: 14/16
  7445 | Lab      | Got a clouded turquoise ring
  7472 | Lab      | Identified the ring "Doety" {rF+ rN+ Str-3 Dex+3} (You found it in a labyrinth)
  7648 | Lair:3   | Reached skill level 13 in Axes
  7683 | Lair:3   | Found a hole to the Spider Nest.
  7690 | Spider:1 | Entered Level 1 of the Spider Nest
  7718 | Spider:1 | Blown up by an orb spider

Vault maps used:
D:1:      eino_arrival_water_cross
D:2:      lemuel_round_altar, elyvilon_altar_4, uniq_terence, uniq_robin
D:3:      serial_forest, infiniplex_forest_clump_double,
          infiniplex_forest_clump_C, infiniplex_forest_corner_1,
          infiniplex_forest_join, infiniplex_forest_end_3,
          infiniplex_forest_pool, dk_yredelemnul_ordeal, uniq_ijyb, uniq_natasha
D:4:      lemuel_castle_with_subvaults,
          nicolae_gozag_cash_rules_everything_around_me, kennysheep_mini_moat,
          minmay_temple_entry_enclosed_plants, first_ration
D:5:      lemuel_crystal_altar, nicolae_ossuary_entry_plus,
          kennysheep_windowed_goal
D:7:      serial_shops, shop, shop_statue, shop, kennysheep_mini, shop
D:9:      cheibriados_altar_1, lemuel_coloured_pillars_altar, grunt_livestock,
          nicolae_straight_to_the_point
D:10:     minmay_lair_entry_grove, basic_altar, onia_ninara_cookie
D:11:     lightli_bailey_entry_fortress
D:12:     hiddenorc1_lemuel
Lair:1:   lab_entry_generic, uniq_nergalle
Lair:3:   nicolae_spider_entry_tight_spaces
Spider:1: spider_trap, uniq_rupert
Orc:1:    uniq_erolcha, uniq_gastronok
Orc:2:    grunt_orc_cross, ebering_ghost_xom, portal_ice_cave_entry_ice_beasts,
          nicolae_orc_pool_cavern, uniq_donald
Ossuary:  ossuary_kennysheep_city_of_the_dead
Bailey:   bailey_axe_bossmonster_kennysheep, bailey

Skill      XL: |  1  2  3  4  5  6  7  8  9 10 11 12 13 |
---------------+----------------------------------------+-----
Axes           | 2 3 4 5 7 8 9 10 11 12 13 | 13.0
Invocations    | 1 2 3 4 5 |  5.0
Fighting       | 4 7 9 10 12 | 12.6
Shields        | 4 5 6 8 9 |  9.5
Armour         | 5 6 7 9 |  9.4

Action                   |  1- 3 |  4- 6 |  7- 9 | 10-12 | 13-15 || total
-------------------------+-------+-------+-------+-------+-------++-------
Melee: War axe           |    92 |    92 |   153 |   595 |       ||   932
       Hand axe          |       |    44 |   443 |       |       ||   487
       Broad axe         |       |       |       |   117 |    39 ||   156
Invok: Heroism           |       |     3 |     9 |    27 |       ||    39
       Finesse           |       |       |       |     2 |       ||     2
Evoke: Wand              |       |     7 |     3 |       |     4 ||    14
  Use: Potion            |     1 |     1 |     4 |     5 |       ||    11
       Scroll            |       |       |    18 |     8 |       ||    26
 Stab: Invisible         |       |       |       |     4 |       ||     4
  Eat: Chunk             |       |       |     9 |     7 |       ||    16
       Ration            |       |       |       |     2 |     1 ||     3
Armor: Scale mail        |    53 |    25 |       |       |       ||    78
       Chain mail        |       |    57 |   260 |       |       ||   317
       Plate armour      |       |       |    93 |   373 |    35 ||   501
Dodge: Dodged            |    26 |    28 |   143 |   276 |    14 ||   487
Block: Shield            |    47 |    57 |   282 |   520 |    34 ||   940

Table legend:
 A = Spawn XP
 B = Non-spawn XP
 C = Spawn XP percentage of total XP
 D = Spawn monster count
 E = Non-spawn monster count
 F = Spawn count percentage of total count
 G = Total turns spent on level
                    A         B        C        D         E        F      G
               +---------+---------+-------+---------+---------+-------+---------
         Total |       0 |   37329 |   0.0 |       0 |     436 |   0.0 |  7718
               +---------+---------+-------+---------+---------+-------+---------
           D:1 |       0 |       7 |   0.0 |       0 |       5 |   0.0 |   115
           D:2 |       0 |      71 |   0.0 |       0 |      24 |   0.0 |   331
           D:3 |       0 |     379 |   0.0 |       0 |      17 |   0.0 |   398
           D:4 |       0 |    1250 |   0.0 |       0 |      75 |   0.0 |   756
           D:5 |       0 |     260 |   0.0 |       0 |      17 |   0.0 |   394
           D:6 |       0 |     381 |   0.0 |       0 |      13 |   0.0 |   332
           D:7 |       0 |     481 |   0.0 |       0 |       8 |   0.0 |   314
           D:8 |       0 |    1436 |   0.0 |       0 |      13 |   0.0 |   378
           D:9 |       0 |    5046 |   0.0 |       0 |      58 |   0.0 |   661
          D:10 |       0 |    7523 |   0.0 |       0 |      54 |   0.0 |   281
          D:11 |       0 |    4327 |   0.0 |       0 |      34 |   0.0 |   583
          D:12 |       0 |    3389 |   0.0 |       0 |      35 |   0.0 |   416
        Lair:1 |       0 |     645 |   0.0 |       0 |       3 |   0.0 |   211
        Lair:3 |       0 |    3687 |   0.0 |       0 |      19 |   0.0 |    70
      Spider:1 |       0 |     660 |   0.0 |       0 |       3 |   0.0 |    28
         Orc:1 |       0 |    4087 |   0.0 |       0 |      19 |   0.0 |   267
         Orc:2 |       0 |      38 |   0.0 |       0 |       2 |   0.0 |    18
           Lab |       0 |    1239 |   0.0 |       0 |       1 |   0.0 |  1513
       Ossuary |       0 |     282 |   0.0 |       0 |      15 |   0.0 |   303
        Bailey |       0 |    2141 |   0.0 |       0 |      21 |   0.0 |   246
               +---------+---------+-------+---------+---------+-------+---------
